 Dungeon Crawl Stone Soup version 0.30-a0-743-gbfdf073431 (webtiles) character file.

Game seed: 14254907717317588776

2897 DeathSun the Grappler (level 9, -26/74 HPs)
             Began as a Purple Draconian Transmuter on Feb 8, 2023.
             Was an Initiate of Gozag.
             Annihilated by a shadow (34 damage)
             ... on level 9 of the Dungeon.
             The game lasted 00:17:37 (8856 turns).

DeathSun the Grappler (Purple Draconian Transmuter) Turns: 8856, Time: 00:17:38

Health: -26/74     AC:  2    Str: 17    XL:     9   Next: 49%
Magic:  9/12       EV: 19    Int: 20    God:    Gozag
Gold:   954        SH:  0    Dex: 22    Spells: 0/12 levels left

rFire   . . .      SeeInvis .      - Unarmed
rCold   . . .      Faith    .    (shield currently unavailable)
rNeg    . . .      Spirit   .    (body armour unavailable)
rPois   x          Reflect  .    (helmet currently unavailable)
rElec   .          Harm     .    (cloak currently unavailable)
rCorr   .          Rampage  .    (gloves currently unavailable)
Will    +....                    (boots currently unavailable)
Stlth   ++                       x - amulet of regeneration
HPRegen 1.12/turn                k - +6 ring of dexterity
MPRegen 0.13/turn                n - +6 ring of intelligence

@: spider-form, gold aura, studying Translocations
A: venomous fangs, (breathe power), AC +7, tiny, unfitting armour,
(cold-blooded)
a: End Transformation, Renounce Religion, Potion Petition, Call Merchant, Bribe
Branch


You were on level 9 of the Dungeon.
You worshipped Gozag.
Gozag was pleased with you.
You were a venomous arachnid creature.
You visited 2 branches of the dungeon, and saw 10 of its levels.

You collected 998 gold pieces.
You paid 44 gold pieces to Gozag.

Inventory:

Missiles
 w - a throwing net
Armour
 y - a +0 pair of gloves (melded)
Jewellery
 a - a +6 ring of strength
 k - a +6 ring of dexterity (left front pincers)
 n - a +6 ring of intelligence (right front pincers)
 x - an amulet of regeneration (around neck)
 C - the ring of Shadows {Umbra +Inv Stlth+}
   (You found it on level 6 of the Dungeon)

   [ring of stealth]

   Umbra:     It surrounds you with an aura of shadow, increasing your stealth
   and reducing the accuracy of all others within it.
   +Inv:      It lets you turn invisible.
   Stlth:     It makes you more stealthy.
 L - an amulet of reflection
 N - a ring of willpower
Wands
 p - a wand of flame (18)
 t - a wand of iceblast (14) (quivered)
 A - a wand of polymorph (9)
 H - a wand of acid (8)
Scrolls
 b - a scroll of fog {unknown}
 c - a scroll of noise {unknown}
 d - a scroll of vulnerability {unknown}
 g - 6 scrolls of teleportation
 h - 2 scrolls of torment {unknown}
 j - 6 scrolls of poison {unknown}
 l - 6 scrolls of identify {unknown}
 o - a scroll of magic mapping {unknown}
 q - a scroll of immolation {unknown}
 r - 2 scrolls of fear {unknown}
 D - a scroll of acquirement {unknown}
 F - a scroll of silence {unknown}
 J - a scroll of enchant armour {unknown}
 M - a scroll of amnesia {unknown}
Potions
 e - 3 potions of brilliance {unknown}
 f - 3 potions of resistance {unknown}
 i - a potion of cancellation {unknown}
 m - 3 potions of curing {unknown}
 s - 5 potions of flight {unknown}
 u - 2 potions of degeneration {unknown}
 v - 3 potions of heal wounds {unknown}
 z - a potion of haste {unknown}
 B - a potion of experience {unknown}
 E - a potion of invisibility {unknown}
 G - 2 potions of attraction {unknown}
 I - a potion of might {unknown}
 K - a potion of mutation {unknown}


   Skills:
 - Level 5.0 Fighting
 - Level 1.7 Dodging
 * Level 9.7 Unarmed Combat
 - Level 2.4 Spellcasting
 * Level 5.6 Hexes
 * Level 3.6 Translocations
 - Level 5.1 Transmutations
 - Level 3.0 Poison Magic


You couldn't memorise any spells.
You knew the following spells:

 Your Spells              Type           Power      Damage    Failure   Level
a - Beastly Appendage     Tmut           46%        N/A       8%          1
b - Spider Form           Tmut/Pois      18%        N/A       22%         3
c - Slow                  Hex            96%        N/A       7%          1
d - Confusing Touch       Hex            24%        N/A       14%         3
e - Passage of Golubria   Tloc           16%        N/A       56%         4

Your spell library contained the following spells:

 Spells                   Type           Power      Damage    Failure   Level
 Wereblood                Tmut           23%        N/A       10%         2
 Inner Flame              Hex/Fire       13%        N/A       32%         3
 Vampiric Draining        Necr           2%         2d6       63%         3
 Ice Form                 Ice/Tmut       12%        N/A       67%         4
 Silence                  Hex/Air        6%         N/A       91%         5
 Flame Wave               Conj/Fire      2%         2d4       94%         4
 Sticky Flame             Conj/Fire      2%         2d3       94%         4
 Lehudib's Crystal Spear  Conj/Erth      1%         10d2      100%        8


Dungeon Overview and Level Annotations

Branches:
Dungeon (9/15)             Temple (1/1) D:4            Lair (0/5) D:8
    Orc: D:9-12

Altars:
Ashenzari
Cheibriados
Dithmenos
Elyvilon
Gozag
Hepliaklqana
Kikubaaqudgha
Makhleb
Okawaru
Qazlal
Ru
Trog
Uskayaw
Vehumet
Yredelemnul
Zin

Annotations:
D:6 exclusion: statue


Innate Abilities, Weirdness & Mutations

You are a venomous arachnid creature.
You have venomous fangs.
You are tiny and dextrous.
Your spellcasting is less reliable in this form.
Your armour is entirely melded.
You are incapable of wielding weapons or throwing items.
((You can breathe bolts of dispelling energy.))
((Your rich purple scales are hard. (AC +7)))
You cannot fit into any form of body armour.
((You are cold-blooded and may be slowed by cold attacks.))


Message History

Something hits you.
* * * LOW HITPOINT WARNING * * *
The shadow is no longer distracted by gold.
Something hits you.
* * * LOW HITPOINT WARNING * * *
Something barely misses you.
Things that are here:
7 gold pieces; a +0 club; a +0 leather armour You bite something!
Something hits you.
* * * LOW HITPOINT WARNING * * *
The shadow slips into darkness.
The shadow flickers and vanishes!
You hit something but do no damage. You hit something but do no damage.
Your transformation has ended.
Your +0 pair of gloves unmelds from your body.
An orc wizard appears from thin air!
Reactivating autopickup.
The orc wizard closely misses you.
You closely miss the orc wizard.
Your tail-slap misses the orc wizard.
The orc wizard is heavily wounded.
The orc wizard hits you but does no damage.
You completely miss the orc wizard.
Your tail-slap misses the orc wizard.
The orc wizard is severely wounded.
The orc wizard hits you with a +0 dagger.
* * * LOW HITPOINT WARNING * * *
The orc wizard casts a spell at you. The magic dart hits you!
* * * LOW HITPOINT WARNING * * *
Casting: Spider Form (dangerous; 9% risk of failure)
Confirm with . or Enter, or press ? or * to list all spells.
You turn into a venomous arachnid creature.
Your +0 pair of gloves melds into your body.
The orc wizard casts a spell at you. The magic dart hits you.
* * * LOW HITPOINT WARNING * * *
You kill the orc wizard!
The shadow strikes at you from the darkness!
You die...
Your body crumbles into a pile of gold.

#...........
#...........
####...........
..............
#............
#............
#..$$$.......
#....$.....<.
.#######..$s........
....................
.......$...###...###
#....$.!..# ...#
#......$..# ...#
##.........# ..#
.........$.###....
................
................


There were no monsters in sight!

Vanquished Creatures
  A wyvern (D:9)
  2 orc warriors
  2 sky beasts (D:7)
  2 black bears
  An ogre (D:6)
  A centaur (D:5)
  A phantom (D:3)
  Blork the orc (D:4)
  2 bullfrogs (D:8)
  A gnoll sergeant (D:5)
  A necrophage (D:6)
  4 scorpions
  3 wights (D:6)
  4 howler monkeys
  3 hounds (D:5)
  9 orc priests
  A gnoll bouda (D:5)
  2 jellies
  3 iguanas (D:6)
  Ijyb (D:4)
  5 orc wizards
  5 adders
  16 gnolls
  A river rat (D:8)
  2 shadow imps
  A white imp (D:7)
  3 ufetubi
  2 worms
  2 dart slugs
  39 orcs
  10 ball pythons
  3 endoplasms
  3 giant cockroaches
  13 goblins
  16 hobgoblins
  6 jackals
  4 quokkas
  6 bats
  6 frilled lizards
  18 kobolds
  12 rats
218 creatures vanquished.

Vanquished Creatures (others)
  An orc wizard (D:4)
1 creature vanquished.

Grand Total: 219 creatures vanquished

Notes
Turn   | Place    | Note
-------+----------+-------------------------------------------
     0 | D:1      | DeathSun the Draconian Transmuter began the quest for the
                  | Orb.
     0 | D:1      | Reached XP level 1. HP: 16/16 MP: 3/3
   107 | D:1      | Reached XP level 2. HP: 23/23 MP: 3/5
   170 | D:1      | Reached skill level 1 in Poison Magic
   716 | D:1      | Reached XP level 3. HP: 28/28 MP: 4/6
  1248 | D:2      | Learned a level 3 spell: Spider Form
  1485 | D:2      | Reached XP level 4. HP: 35/35 MP: 5/7
  1703 | D:2      | You fall into a shaft and drop 1 floor!
  2427 | D:3      | Reached skill level 4 in Unarmed Combat
  2683 | D:3      | Reached XP level 5. HP: 10/40 MP: 8/8
  3139 | D:4      | Noticed a phantom
  3293 | D:3      | Killed a phantom
  3294 | D:3      | Reached XP level 6. HP: 36/47 MP: 9/9
  3572 | D:4      | Noticed Ijyb
  3599 | D:4      | Killed Ijyb
  3600 | D:4      | Reached skill level 5 in Unarmed Combat
  3663 | D:4      | Noticed Blork the orc
  3680 | D:4      | Killed Blork the orc
  3959 | D:3      | Reached skill level 5 in Transmutations
  3959 | D:3      | Your scales start taking on a rich purple colour.
  3959 | D:3      | Reached XP level 7. HP: 35/52 MP: 10/10
  4254 | D:4      | Reached skill level 6 in Unarmed Combat
  4393 | D:4      | Found a staircase to the Ecumenical Temple.
  4468 | Temple   | Entered the Ecumenical Temple
  4549 | Temple   | Became a worshipper of Gozag Ym Sagoz the Greedy
  5002 | D:5      | Entered Level 5 of the Dungeon
  5461 | D:5      | Reached skill level 7 in Unarmed Combat
  5728 | D:6      | Reached XP level 8. HP: 30/63 MP: 7/11
  5994 | D:6      | Identified the +0 dagger "Mualirr" {heavy, rElec rF+++
                  | Str-4 Dex-3}
  6244 | D:6      | Found a snail-covered altar of Cheibriados.
  6261 | D:6      | Reached skill level 8 in Unarmed Combat
  6285 | D:6      | Found the ring of Shadows {Umbra +Inv Stlth+}
  6309 | D:6      | Learned a level 1 spell: Slow
  6313 | D:6      | Learned a level 3 spell: Confusing Touch
  6329 | D:6      | Found a radiant altar of Vehumet.
  6861 | D:6      | Reached skill level 1 in Hexes
  7735 | D:7      | Reached skill level 5 in Fighting
  8044 | D:7      | Reached XP level 9. HP: 74/74 MP: 8/12
  8072 | D:7      | Found a hide-covered altar of Uskayaw.
  8100 | D:7      | Reached skill level 9 in Unarmed Combat
  8400 | D:8      | Noticed a death yak
  8402 | D:8      | Found a staircase to the Lair.
  8402 | D:8      | Noticed a death yak
  8402 | D:8      | Noticed a death yak
  8542 | D:8      | Learned a level 4 spell: Passage of Golubria
  8643 | D:8      | Reached skill level 1 in Translocations
  8688 | D:8      | Reached skill level 5 in Hexes
  8856 | D:9      | Annihilated by a shadow

Illustrated notes

Levels and vault maps discovered:
D:1:      lightli_arrival_chessboard, layout_basic, minmay_strange_pillars
D:2:      layout_loops_ring, kennysheep_generic_room_6
D:3:      layout_loops_corners
D:4:      layout_gridville, minmay_temple_entry_poolview, uniq_blork_the_orc,
          uniq_ijyb
D:5:      layout_basic, guppyfry_early_lair_pool
D:6:      corexii_shantytown, layout_basic, vehumet_statue,
          mainiacjoe_overflow_alcove_1, minmay_misc_feat_rugged
D:7:      nicolae_cairo_tiling_large, layout_cave_pools,
          nicolae_uskayaw_dance_hall, feat_on_display
D:8:      layout_basic, dpeg_lair_monsters, chequers_serial_rivers_large_a,
          st_stairs_2, kennysheep_small_spiral, nicolae_nh_oracle_at_delphi
D:9:      layout_small_grid, general_overflow_altar, xom_teletrap_fun,
          mainiacjoe_overflow_six_doors_small, orc_0_dummy
Temple:   nicolae_temple_god_jail

Skill      XL: |  1  2  3  4  5  6  7  8  9 |
---------------+----------------------------+-----
Poison Magic   | 1 2 3 |  3.0
Transmutations | 3 4 5 |  5.1
Unarmed Combat | 4 5 7 8 9 |  9.7
Fighting       | 3 5 |  5.0
Hexes          | 3 5 |  5.6
Translocations | 3 |  3.6
Dodging        | |  1.7
Spellcasting   | |  2.4

Action                     |  1- 3 |  4- 6 |  7- 9 || total
---------------------------+-------+-------+-------++-------
  Melee: Unarmed           |   113 |   116 |   304 ||   533
         Kick              |    15 |    19 |     1 ||    35
         Tailslap          |     4 |     7 |     9 ||    20
         Headbutt          |    12 |    13 |     5 ||    30
         Punch             |     4 |     2 |     3 ||     9
   Cast: Beastly Appendage |    30 |    21 |     7 ||    58
         Spider Form       |       |     7 |    52 ||    59
Ability: End Transformatio |       |       |     2 ||     2
  Evoke: Wand              |       |     4 |     6 ||    10
    Use: Potion            |       |     1 |     1 ||     2
         Scroll            |       |       |     1 ||     1
   Stab: Sleeping          |       |     2 |     1 ||     3
 Armour: Skin              |    23 |    21 |    30 ||    74
  Dodge: Dodged            |    89 |    60 |   197 ||   346

Table legend: (Time is in decaauts)
 A = Elapsed time spent in this place.
 B = Non-inter-level travel time spent in this place.
 C = Inter-level travel time spent in this place.
 D = Time resting spent in this place.
 E = Time spent auto-exploring this place.
 F = Levels seen in this place.
 G = Mean time per level.
                   A        B        C        D        E       F      G
               +--------+--------+--------+--------+--------+-----+--------+
         Total |   8799 |   8418 |    381 |      0 |   6744 |  10 |  879.9 |
       Dungeon |   8702 |   8336 |    366 |      0 |   6698 |   9 |  966.9 |
        Temple |     97 |     82 |     15 |      0 |     46 |   1 |   97.0 |
               +--------+--------+--------+--------+--------+-----+--------+

Top non-repeatable levels by time:
     D:4: 1540 daAuts
     D:3: 1462 daAuts
     D:6: 1427 daAuts
     D:5: 1237 daAuts
     D:1: 1019 daAuts
     D:2: 864 daAuts
     D:7: 721 daAuts
     D:8: 382 daAuts
  Temple: 97 daAuts
     D:9: 46 daAuts
